Map: [ESL] Data-C

Players

Astrea

  • Race: Protoss Protoss
  • League: Master
  • Spawn Location: 9:00

Reynor - Winner!

  • Race: Zerg Zerg
  • Spawn Location: 3:00

Event: HomeStory Cup XXI

VOD

Have the link to the VOD?

Description

Time

  • Played on: July 23, 2022, 12:55 p.m.
  • Length: 23:55

All games in this series

Show
View Real Time Build Order
Export as new Build Order

Astrea Protoss 

Build Orders: 1 Gate Expand, Oracle Opening, Archon Immortal 

Get SALT Encoding   

  12  0:00  Probe  
  13  0:12  Probe  
  14  0:19  Pylon  
  14  0:24  Probe  
  15  0:37  Probe (Chrono Boost)  
  15  0:41  Gateway  
  16  0:47  Probe (Chrono Boost)  
  17  0:50  Assimilator  
  17  0:52  Probe (Chrono Boost)  
  18  1:04  Probe  
  19  1:16  Probe  
  20  1:25  Nexus  
  20  1:35  Cybernetics Core  
  20  1:38  Probe  
  21  1:45  Assimilator  
  21  1:50  Probe  
  21  1:53  Pylon  
  22  2:02  Probe (Chrono Boost)  
  23  2:08  Adept (Chrono Boost)  
  23  2:15  Probe (Chrono Boost)  
  26  2:20  Probe (Chrono Boost)  
  27  2:23  Stargate  
  28  2:30  Probe (Chrono Boost)  
  28  2:31  Adept  
  30  2:37  Warp Gate, Probe (Chrono Boost)  
  32  2:47  Probe x2 (Chrono Boost)  
  33  2:52  Probe (Chrono Boost)  
  33  2:53  Probe (Chrono Boost)  
  35  3:03  Probe  
  35  3:04  Oracle (Chrono Boost)  
  35  3:05  Probe  
  40  3:12  Pylon  
  40  3:15  Probe  
  40  3:17  Probe  
  42  3:20  Gateway  
  42  3:27  Probe  
  42  3:29  Probe  
  48  3:37  Void Ray (Chrono Boost)  
  48  3:40  Probe  
  49  3:42  Probe  
  50  3:59  Probe  
  50  4:01  Pylon, Probe  
  49  4:07  Pylon  
  49  4:11  Probe  
  49  4:13  Probe  
  49  4:15  Shield Battery  
  51  4:22  Nexus  
  51  4:23  Probe  
  52  4:25  Pylon, Probe (Chrono Boost)  
  52  4:31  Assimilator  
  53  4:32  Assimilator  
  53  4:34  Forge  
  53  4:36  Twilight Council  
  53  4:37  Probe (Chrono Boost)  
  55  4:41  Probe (Chrono Boost)  
  55  4:47  Adept x2  
  55  4:49  Probe (Chrono Boost)  
  55  4:52  Probe  
  59  4:57  Robotics Facility  
  59  4:58  Protoss Ground Weapons Level 1 (Chrono Boost)  
  60  5:01  Probe  
  60  5:05  Gateway  
  60  5:06  Probe  
  62  5:09  Gateway  
  62  5:12  Charge  
  62  5:13  Probe  
  63  5:18  Probe  
  64  5:25  Templar Archives, Probe  
  64  5:27  Pylon  
  65  5:33  Probe (Chrono Boost)  
  66  5:37  Probe (Chrono Boost)  
  66  5:40  Assimilator  
  69  5:43  Probe (Chrono Boost), Assimilator  
  69  5:45  Observer  
  69  5:46  Probe (Chrono Boost)  
  69  5:47  Probe (Chrono Boost)  
  72  5:50  Probe (Chrono Boost)  
  72  5:51  Probe (Chrono Boost)  
  72  5:53  Gateway  
  72  5:54  Gateway  
  72  5:55  Probe  
  72  5:56  Gateway  
  74  5:58  Gateway  
  74  6:01  Probe, High Templar x2  
  74  6:03  Probe  
  80  6:07  Probe  
  80  6:08  Archon  
  80  6:10  Photon Cannon  
  81  6:12  Pylon  
  81  6:13  Probe  
  81  6:17  Probe  
  83  6:18  High Templar x2  
  83  6:23  Pylon, Archon  
  83  6:24  Pylon, Warp Prism (Chrono Boost)  
  87  6:29  Probe  
  90  6:34  Probe  
  90  6:37  High Templar x2  
  95  6:43  Pylon, Protoss Ground Weapons Level 2 (Chrono Boost)  
  95  6:49  Zealot x2  
  95  6:50  Zealot  
  95  6:51  Zealot x2  
  105  6:57  Nexus  
  105  7:00  Immortal (Chrono Boost)  
  109  7:10  Probe x2  
  109  7:11  Probe  
  109  7:12  Psionic Storm  
  112  7:16  Photon Cannon  
  112  7:19  Photon Cannon  
  112  7:21  Shield Battery  
  112  7:25  Probe x2  
  112  7:27  Probe  
  115  7:37  Probe x2  
  115  7:39  Probe  
  115  7:40  Immortal (Chrono Boost)  
  122  7:49  Probe  
  122  7:50  Probe  
  122  7:51  Probe  
  122  7:52  High Templar x4  
  122  7:54  Pylon  
  122  7:55  Assimilator  
  131  7:59  Assimilator  
  131  8:02  Probe x2  
  133  8:12  Immortal (Chrono Boost)  
  137  8:13  Probe  
  137  8:14  Probe x3  
  137  8:17  Photon Cannon  
  137  8:18  Photon Cannon  
  137  8:19  Pylon, Shield Battery  
  141  8:21  Photon Cannon  
  141  8:26  Probe x2  
  143  8:29  Pylon  
  143  8:30  High Templar x4, Zealot  
  143  8:31  Zealot  
  143  8:33  Pylon  
  155  8:34  Pylon  
  155  8:35  Photon Cannon  
  155  8:36  Photon Cannon  
  155  8:37  Phoenix  
  155  8:39  Photon Cannon  
  157  8:48  Warp Prism (Chrono Boost), Blink  
  155  8:50  Stalker x2  
  155  8:56  Stalker x2  
  158  9:03  Stalker  
  158  9:04  Stalker x2  
  158  9:08  Probe  
  158  9:09  Probe x3  
  162  9:21  Photon Cannon  
  158  9:27  High Templar x2  
  158  9:28  Probe x2  
  158  9:29  Protoss Ground Weapons Level 3 (Chrono Boost)  
  164  9:32  Immortal (Chrono Boost)  
  164  9:37  Archon  
  164  9:38  Archon  
  160  9:48  Stalker x6  
  158  10:02  Photon Cannon  
  158  10:04  Immortal (Chrono Boost)  
  158  10:05  Photon Cannon  
  158  10:06  Photon Cannon  
  158  10:20  High Templar  
  158  10:21  High Templar x2, Zealot x3  
  164  10:25  Archon  
  164  10:27  Probe  
  169  10:34  Immortal (Chrono Boost)  
  163  10:44  Photon Cannon, Gateway x2  
  163  10:45  Photon Cannon, High Templar x2  
  163  10:49  Shield Battery  
  167  11:02  Archon  
  167  11:03  Warp Prism (Chrono Boost)  
  167  11:04  High Templar x2  
  160  11:05  Zealot x2  
  160  11:09  Gateway  
  166  11:11  Gateway  
  166  11:12  Gateway x2  
  166  11:13  Pylon x2  
  166  11:14  Gateway  
  166  11:15  Gateway  
  166  11:16  Photon Cannon  
  166  11:18  Pylon  
  166  11:20  Photon Cannon  
  166  11:26  Zealot x4  
  174  11:41  Pylon  
  174  11:46  High Templar x4  
  174  11:47  High Templar x2  
  184  11:50  Archon x2  
  184  11:51  Archon  
  186  11:57  Gateway  
  186  11:58  Gateway  
  186  12:02  Pylon  
  186  12:03  Pylon  
  186  12:07  Zealot x6  
  186  12:08  Immortal (Chrono Boost)  
  184  12:11  Nexus  
  188  12:18  Pylon  
  188  12:20  Zealot x2  
  188  12:21  Zealot x4  
  200  12:28  High Templar x5  
  196  12:36  Pylon  
  166  12:57  High Templar x4  
  173  13:02  Archon, Zealot x8  
  173  13:03  Archon  
  173  13:04  Archon  
  189  13:24  Stalker  
  189  13:25  Stalker x3  
  193  13:29  Immortal  
  193  13:32  Fleet Beacon, Stargate  
  173  13:59  Nexus, Protoss Air Weapons Level 1 (Chrono Boost)  
  173  14:03  Protoss Shields Level 1  
  173  14:08  Immortal  
  173  14:09  Pylon  
  177  14:12  Pylon  
  177  14:16  Zealot x4, Assimilator  
  177  14:17  Zealot x7  
  199  14:20  Assimilator  
  199  14:24  Stargate  
  197  14:26  Stargate  
  193  14:37  Carrier x2 (Chrono Boost)  
  181  14:49  Immortal  
  185  15:00  Zealot x7  
  185  15:06  Zealot  
  191  15:28  Nexus, Zealot x8  
  200  15:34  Carrier (Chrono Boost), Zealot x8  
  200  15:37  Zealot x3  
  200  15:40  Carrier x2 (Chrono Boost)  
  195  15:50  Photon Cannon  
  195  15:54  Pylon  
  194  16:02  Zealot x3  
  200  16:06  Nexus  
  198  16:22  Protoss Air Weapons Level 2 (Chrono Boost)  
  198  16:27  High Templar  
  200  16:51  Nexus  
  200  16:52  Protoss Shields Level 2 (Chrono Boost)  
  200  16:56  Nexus  
  192  17:17  Observer (Chrono Boost)  
  192  17:19  Pylon  
  187  17:23  Pylon  
  187  17:24  Assimilator x2  
  184  17:30  Observer (Chrono Boost)  
  184  17:31  Oracle  
  164  17:49  High Templar x8  
  164  17:50  High Templar x5  
  170  17:53  Archon x3  
  170  17:54  Archon x2  
  170  17:55  Archon  
  170  17:57  Warp Prism  
  167  18:14  Observer  
  125  18:25  Archon  
  101  18:34  Observer  
  102  18:41  Observer, Zealot x7  
  97  19:00  Zealot x4  
  105  19:15  High Templar x4  
  105  19:16  High Templar x2  
  115  19:34  Observer (Chrono Boost)  
  116  19:44  Probe x3  
  116  19:45  Assimilator  
  119  19:46  Photon Cannon  
  119  19:50  Immortal  
  123  19:54  Observer  
  123  20:01  Stalker  
  123  20:05  Nexus  
  108  20:20  Zealot x7  
  122  20:34  Zealot x3  
  126  20:55  Zealot x6  
  134  21:27  Zealot x3  
  134  21:28  Zealot x4  
  118  22:13  Immortal  
  118  22:15  Stalker x4  
  110  22:56  Zealot  
  94  23:18  Zealot  
  94  23:19  Zealot x10  
  111  23:20  Zealot x2  
Show
View Real Time Build Order
Export as new Build Order

Reynor Zerg - Winner!

Build Orders: Hatch First, Lurkers 

Get SALT Encoding   

  12  0:00  Drone  
  13  0:12  Overlord  
  13  0:17  Drone  
  14  0:31  Drone x2  
  16  0:49  Hatchery  
  15  0:51  Drone  
  15  0:55  Drone  
  17  0:58  Drone  
  18  1:10  Extractor  
  17  1:14  Spawning Pool  
  17  1:17  Drone  
  17  1:21  Drone  
  18  1:28  Drone  
  19  1:38  Drone  
  20  1:49  Overlord  
  20  2:00  Queen  
  20  2:01  Drone x2, Queen  
  26  2:11  Zergling x2  
  26  2:12  Zergling x2  
  26  2:14  Metabolic Boost  
  28  2:21  Drone  
  29  2:23  Drone  
  30  2:32  Drone  
  31  2:38  Zergling x2  
  31  2:43  Hatchery  
  31  2:47  Overlord  
  31  2:50  Drone  
  32  2:54  Queen  
  32  2:57  Zergling x2  
  35  2:59  Drone  
  36  3:06  Drone x2  
  36  3:11  Drone x2, Overlord  
  40  3:16  Drone  
  40  3:17  Drone  
  42  3:21  Queen  
  42  3:26  Overlord  
  44  3:30  Spore Crawler  
  44  3:31  Drone  
  44  3:37  Queen  
  44  3:39  Drone  
  47  3:41  Drone  
  47  3:47  Spore Crawler  
  47  3:48  Drone  
  48  3:49  Drone  
  49  4:00  Drone x2  
  49  4:01  Queen  
  51  4:03  Drone  
  51  4:04  Drone x2  
  54  4:11  Drone x2  
  54  4:12  Drone  
  54  4:15  Evolution Chamber, Overlord  
  56  4:17  Drone  
  56  4:20  Spore Crawler  
  56  4:24  Drone x3  
  56  4:26  Overlord  
  56  4:29  Drone  
  56  4:30  Drone  
  61  4:33  Overlord  
  61  4:34  Drone  
  61  4:37  Drone x2  
  64  4:39  Drone x2  
  64  4:43  Spore Crawler  
  62  4:47  Drone  
  62  4:49  Overlord  
  62  4:51  Zerg Melee Weapons Level 1  
  64  4:54  Drone  
  64  4:58  Drone  
  64  4:59  Drone  
  67  5:01  Lair  
  67  5:03  Drone x2  
  67  5:04  Roach Warren, Extractor  
  67  5:05  Drone  
  67  5:06  Drone  
  69  5:09  Queen  
  69  5:12  Zergling x4  
  69  5:13  Drone x2  
  75  5:15  Drone  
  75  5:24  Zergling x4  
  75  5:25  Drone  
  75  5:28  Drone  
  79  5:30  Drone x2  
  79  5:32  Overlord  
  79  5:34  Overlord, Hatchery  
  80  5:36  Drone  
  80  5:37  Drone  
  80  5:41  Queen  
  84  5:43  Extractor, Drone x2  
  84  5:45  Extractor  
  84  5:46  Overlord  
  84  5:50  Overlord  
  84  5:51  Drone x3  
  84  5:53  Zergling x2  
  88  5:57  Queen  
  88  5:58  Extractor  
  88  6:02  Zergling x4  
  88  6:03  Drone x4  
  88  6:04  Drone  
  96  6:05  Drone  
  96  6:06  Extractor  
  96  6:09  Baneling Nest  
  97  6:11  Drone x2  
  97  6:13  Overlord  
  97  6:22  Drone x2  
  97  6:23  Spire, Drone x2  
  97  6:24  Overlord  
  97  6:25  Drone x2  
  102  6:28  Drone x2  
  102  6:30  Overlord  
  102  6:31  Drone x2  
  106  6:34  Overlord  
  106  6:36  Drone x2  
  108  6:42  Evolution Chamber  
  108  6:46  Roach x3  
  112  6:48  Roach  
  112  6:49  Baneling Nest, Zerg Melee Weapons Level 2  
  112  6:50  Roach  
  112  6:51  Roach  
  112  6:52  Roach  
  121  6:54  Roach  
  121  6:55  Overlord  
  121  7:05  Drone  
  121  7:06  Drone x3  
  121  7:07  Spore Crawler  
  130  7:08  Roach x3  
  130  7:09  Overlord  
  130  7:11  Zerg Missile Weapons Level 1  
  130  7:12  Centrifugal Hooks  
  130  7:20  Drone x5  
  134  7:23  Roach x3  
  134  7:26  Overlord  
  140  7:32  Overlord  
  138  7:38  Drone x4  
  142  7:48  Hatchery  
  136  7:53  Mutalisk x6  
  145  8:01  Drone x5  
  145  8:02  Queen  
  145  8:04  Extractor  
  145  8:05  Mutalisk x2  
  151  8:07  Drone x3  
  158  8:14  Zerg Flyer Weapons Level 1  
  158  8:15  Zergling x6  
  158  8:18  Overlord  
  158  8:19  Zergling x4  
  164  8:20  Zergling x6  
  164  8:24  Pneumatized Carapace  
  164  8:25  Zergling x6  
  169  8:27  Zergling x2  
  169  8:29  Zergling x2  
  171  8:34  Zergling x2  
  171  8:35  Glial Reconstitution  
  171  8:36  Zergling x2  
  171  8:38  Zergling x4  
  171  8:39  Zergling x2  
  171  8:40  Infestation Pit  
  175  8:42  Overlord  
  175  8:47  Zergling x4  
  177  8:49  Zergling x2  
  177  8:50  Zergling x8  
  177  8:52  Overlord  
  182  8:56  Zergling x4  
  182  8:57  Zergling x2  
  182  9:00  Baneling x21  
  182  9:01  Zergling x6  
  188  9:06  Overlord  
  188  9:07  Zergling x2  
  188  9:12  Drone x3  
  188  9:16  Baneling x7  
  188  9:17  Baneling x4  
  185  9:18  Zergling x18  
  185  9:19  Zergling x2  
  195  9:25  Zergling x6  
  195  9:30  Hatchery  
  195  9:31  Ravager x3  
  200  9:34  Spine Crawler  
  200  9:35  Spore Crawler  
  181  9:46  Zergling x32  
  181  9:51  Baneling x6  
  181  9:52  Baneling x9  
  190  9:57  Drone x4  
  188  10:00  Zergling x2  
  188  10:01  Hive  
  188  10:05  Extractor  
  187  10:10  Zergling x10  
  187  10:12  Baneling x8  
  190  10:15  Zergling x10  
  190  10:19  Queen  
  190  10:20  Extractor  
  179  10:29  Roach, Zergling x12  
  179  10:32  Zergling x2  
  172  10:37  Baneling x17  
  172  10:38  Baneling  
  172  10:39  Zergling x12  
  178  10:44  Zergling x4  
  178  10:46  Drone  
  178  10:47  Baneling x6  
  178  10:48  Zergling x2  
  178  10:49  Zergling x22  
  186  10:58  Zergling x10  
  186  11:03  Zergling x8  
  176  11:06  Baneling x13  
  176  11:10  Queen  
  178  11:13  Baneling x8  
  178  11:14  Zergling x4  
  178  11:15  Zergling x8  
  184  11:20  Zergling x18  
  184  11:21  Hydralisk Den  
  184  11:22  Zergling x2  
  193  11:26  Zergling x6  
  195  11:34  Adrenal Glands  
  195  11:35  Drone x3  
  195  11:36  Drone  
  195  11:39  Extractor  
  198  11:40  Baneling x12  
  194  11:53  Zergling x14  
  199  12:00  Lurker Den x2  
  195  12:07  Zergling x6  
  195  12:08  Zergling x26  
  187  12:10  Zerg Missile Weapons Level 2  
  187  12:15  Hydralisk x5  
  188  12:19  Zergling x6  
  196  12:27  Zergling x12  
  184  12:30  Zergling x10  
  184  12:32  Queen  
  188  12:37  Spine Crawler  
  188  12:38  Spore Crawler  
  188  12:40  Zergling x8  
  174  12:45  Hydralisk x5  
  174  12:48  Zergling x14  
  186  12:55  Extractor x2  
  186  12:57  Zergling x2  
  186  12:58  Zergling x16  
  189  12:59  Adaptive Talons, Seismic Spines, Lurker x5  
  189  13:01  Zergling x2  
  189  13:05  Hatchery  
  192  13:06  Overlord x3  
  192  13:07  Overlord, Baneling  
  192  13:08  Baneling x11  
  181  13:23  Hatchery  
  181  13:24  Overlord x4  
  178  13:38  Hydralisk, Zergling x2  
  178  13:39  Zergling x30  
  161  13:41  Hydralisk x3  
  161  13:44  Lurker x4  
  161  13:46  Zergling x2  
  166  13:50  Hydralisk, Zergling x2  
  166  13:54  Zergling x4  
  171  13:58  Spine Crawler  
  170  14:04  Hydralisk, Zergling x4  
  170  14:05  Zergling x6  
  170  14:08  Lurker x2  
  170  14:09  Lurker  
  180  14:11  Zergling x8  
  177  14:26  Zergling x22  
  177  14:30  Hatchery  
  179  14:31  Hydralisk, Hatchery  
  179  14:32  Zergling x8  
  179  14:35  Zergling x2  
  179  14:37  Zergling x6  
  183  14:40  Hydralisk  
  183  14:41  Zergling x2  
  183  14:44  Zergling x2  
  187  14:49  Lurker  
  187  14:50  Lurker x2  
  187  14:52  Zergling x2  
  191  14:53  Zergling x4  
  191  14:54  Queen  
  192  15:00  Zergling x14  
  192  15:04  Zergling x8  
  192  15:05  Zergling x4  
  199  15:10  Zergling x4  
  194  15:16  Zergling x8  
  193  15:25  Zergling x2  
  193  15:26  Zergling x6  
  193  15:27  Hydralisk  
  193  15:28  Zergling x2  
  194  15:29  Queen  
  194  15:33  Hydralisk, Zergling x6  
  196  15:37  Zergling x6  
  196  15:38  Zergling x2  
  196  15:39  Zergling x2  
  197  15:58  Spore Crawler  
  197  15:59  Spore Crawler  
  197  16:03  Spore Crawler x2  
  193  16:04  Viper x2  
  193  16:05  Spore Crawler  
  193  16:07  Spore Crawler, Drone x4  
  196  16:24  Spore Crawler  
  195  16:27  Corruptor x2  
  187  16:41  Corruptor  
  187  16:42  Corruptor x8  
  187  16:43  Zerg Flyer Weapons Level 2  
  199  16:50  Drone  
  199  16:51  Spore Crawler x2, Extractor  
  199  16:52  Extractor  
  196  17:01  Corruptor x4  
  191  17:15  Lurker  
  190  17:23  Drone x2  
  190  17:24  Drone x7  
  199  17:36  Zergling x8  
  199  17:37  Zergling x26  
  191  17:46  Extractor  
  191  17:49  Viper x2  
  191  17:51  Corruptor x3  
  195  17:58  Drone x3  
  195  17:59  Drone  
  199  18:09  Hatchery  
  177  18:23  Hydralisk  
  177  18:24  Hydralisk x4, Zergling x4  
  177  18:25  Zergling x8  
  177  18:26  Zergling x2  
  162  18:33  Hydralisk x2  
  143  18:34  Zergling x8  
  143  18:36  Queen  
  143  18:37  Hydralisk  
  155  18:44  Hydralisk x3  
  152  18:51  Hydralisk x3  
  137  18:58  Lurker x4  
  137  18:59  Drone x2  
  139  19:04  Hydralisk x2  
  139  19:05  Zergling x2  
  139  19:07  Lurker  
  139  19:09  Lurker  
  145  19:15  Lurker x2  
  145  19:16  Lurker x2  
  147  19:26  Lurker x3  
  148  19:31  Lurker  
  148  19:33  Drone x3  
  151  19:39  Zergling x4  
  153  19:46  Zergling x4  
  153  19:47  Zergling x4  
  153  19:52  Lurker x3  
  160  19:55  Zergling x4  
  148  20:19  Zergling x2  
  148  20:20  Zergling x18  
  156  20:23  Overseer  
  154  20:43  Zergling x14  
  154  20:44  Zergling x8  
  165  20:56  Hydralisk x4  
  162  21:03  Zergling x2  
  169  21:07  Hydralisk x3  
  175  21:16  Zergling x8  
  178  21:27  Zergling x8  
  143  21:40  Hydralisk x2  
  143  21:41  Hydralisk  
  138  21:51  Queen  
  138  21:53  Hydralisk x3  
  140  21:58  Hydralisk  
  140  22:01  Hydralisk x2  
  142  22:08  Zergling x6  
  149  22:11  Lurker x2  
  149  22:15  Zergling x6  
  147  22:25  Hydralisk  
  147  22:26  Zergling x6  
  147  22:27  Queen  
  146  22:37  Zergling x2  
  146  22:38  Zergling x12  
  146  22:42  Hydralisk  
  146  22:43  Zergling x4  
  142  22:48  Lurker x2  
  142  22:50  Zergling x2  
  145  22:51  Zergling x2  
  145  22:55  Zergling x4  
  143  23:12  Zergling x2  
  138  23:21  Hatchery  
  137  23:33  Zergling x8  
  129  23:38  Zergling x2  
Tags
 
Add a new tag
Caveats
  • Supply blocks, unpowered buildings, or Contaminate may cause inaccurate times.
  • Supply counts are checked every 10 seconds.